 Dungeon Sprint DCSS version 0.22.1-2-g9c5b331 (webtiles) character file.

82 diana the Magician (level 4, -9/34 HPs)
             Began as a Gnoll Wanderer on Dec 27, 2018.
             Mangled by Menkaure (19 damage)
             ... in the Dungeon (Sprint II: "The Violet Keep of Menkaure").
             The game lasted 00:01:44 (219 turns).

diana the Magician (Gnoll Wanderer)                  Turns: 219, Time: 00:01:44

Health: -9/34      AC:  2    Str: 13    XL:     4   Next: 43%
Magic:  13/13      EV: 13    Int: 18    God:
Gold:   18         SH:  0    Dex: 15    Spells: 16/18 levels left

rFire    . . .     SeeInvis .   b - +2 scimitar "Ticem" {chaos, Int+2} (curse)
rCold    . . .     Gourm    .   (no shield)
rNeg     . . .     Faith    .   d - +0 robe
rPois    .         Spirit   .   (no helmet)
rElec    .         Reflect  .   (no cloak)
rCorr    .         Harm     .   (no gloves)
MR       .....     NoTele   +   (no boots)
Stlth    ++........             (no amulet)
HPRegen  0.11/turn              (no ring)
MPRegen  0.13/turn              (no ring)

@: no status effects
A: distributed training, fangs 1, strong nose
a: no special abilities


You were in the Dungeon.
You were not hungry.

You visited 1 branch You collected 243 gold pieces.
You spent 225 gold pieces at shops.

Inventory:

Hand Weapons
 b - the cursed +2 scimitar "Ticem" (weapon) {chaos, Int+2}
   (You bought it in a shop in the Dungeon)

   Each time it hits an enemy it has a different, random effect.
   It affects your intelligence (+2).
   It has a curse placed upon it.
 e - a +0 dagger
Armour
 d - a +0 robe (worn)
Scrolls
 l - a scroll of blinking
Potions
 i - a potion of haste
 j - 2 potions of magic
Miscellaneous
 a - a fan of gales
Comestibles
 f - a ration


   Skills:
 + Level 2.6 Fighting
 + Level 2.6 Short Blades
 + Level 2.6 Long Blades
 + Level 2.6 Axes
 + Level 2.6 Maces & Flails
 + Level 2.6 Polearms
 + Level 2.6 Staves
 + Level 2.6 Slings
 + Level 2.6 Bows
 + Level 2.6 Crossbows
 + Level 2.6 Throwing
 + Level 2.6 Armour
 + Level 2.6 Dodging
 + Level 3.6 Stealth
 + Level 2.6 Shields
 + Level 2.6 Unarmed Combat
 + Level 7.6 Spellcasting
 + Level 2.1 Conjurations
 + Level 2.1 Hexes
 + Level 2.1 Charms
 + Level 4.4 Summonings
 + Level 2.1 Necromancy
 + Level 4.4 Translocations
 + Level 2.1 Transmutations
 + Level 2.1 Fire Magic
 + Level 3.1 Ice Magic
 + Level 2.1 Air Magic
 + Level 2.1 Earth Magic
 + Level 2.1 Poison Magic
 + Level 2.9 Invocations
 + Level 3.7 Evocations


You had 16 spell levels left.
You knew the following spells:

 Your Spells              Type           Power        Failure   Level  Hunger
a - Summon Small Mammal   Summ           ###.         1%          1    None
b - Apportation           Tloc           ###...       1%          1    None

Your spell library contained the following spells:

 Spells                   Type           Power        Failure   Level  Hunger
 Lesser Beckoning         Tloc           ###.......   4%          3    #......
 Recall                   Summ/Tloc      N/A          4%          3    #......


Dungeon Overview and Level Annotations

Branches:
Dungeon (1/1)

Altars:

Shops:
D =::[[[!=%%((}!?}

Annotations:
D exclusion: oklob plant, Menkaure


Innate Abilities, Weirdness & Mutations

Your experience applies equally to all skills.
You have very sharp teeth.
Your uncanny sense of smell can sniff out nearby items.


Message History

Wield which item (- for none, * to show all)? (? for menu, Esc to quit)
You feel clever.
The cursed +2 scimitar "Ticem" {chaos, Int+2} is briefly surrounded by a It sticks to your hand!
b - the cursed +2 scimitar "Ticem" (weapon)
{chaos, Int+2} The soldier ant twitches its antennae in your direction.
The yak bellows!
Menkaure opens the door.
Menkaure hits you!!
Ouch! That really hurt!
* * * LOW HITPOINT WARNING * * *
There is an open door, spattered with blood here.
You are too injured to fight recklessly!
Okay, then.
You completely miss Menkaure.
Menkaure splashes around in the water.
You slash Menkaure!
Menkaure's magic leaks into the air.
Menkaure is heavily damaged.
Menkaure hits you!!
Ouch! That really hurt!
You die...

###########≈≈≈...
##.∩.∩....#≈≈≈≈.# ∆
##..∩.∩...#≈≈≈≈#
##...∩.∩..#≈≈≈≈
##....∩.⌠.#≈≈### ∆
##...∩.∩..#≈##.###+#
##..∩.∩...#M##..##.##
##.∩.∩....@≈'.##'†<.+
∆
##∩.∩.....#≈##..##.##
#▓▓▓▓▓▓▓###≈##.###+#
##$aa######≈≈###
#$sa#$ ##≈≈≈ #∩Ps+Y
+#≈# ∆ #!.$ ? ∆ ≈≈#
#(!. ## ≈≈


You could see an oklob plant, 3 soldier ants, a redback and Menkaure.

Vanquished Creatures
  4 worker ants (D)
4 creatures vanquished.

Notes
Turn   | Place    | Note
-------+----------+-------------------------------------------
     0 | D        | diana the Gnoll Wanderer began the quest for the Orb.
     0 | D        | diana set off with: a fan of gales, a +0 robe, a +0 dagger,
                  | a ration, a potion of curing, a potion of heal wounds, a
                  | potion of haste, 2 potions of magic, a potion of berserk
                  | rage, a scroll of blinking
     0 | D        | Reached XP level 1. HP: 13/13 MP: 8/8
     2 | D        | Learned a level 1 spell: Summon Small Mammal
     3 | D        | Noticed a worker ant
     3 | D        | Noticed a worker ant
     3 | D        | Noticed a worker ant
     3 | D        | Noticed a worker ant
    14 | D        | Killed a worker ant
    14 | D        | Reached skill level 1 in Fighting
    14 | D        | Reached skill level 1 in Short Blades
    14 | D        | Reached skill level 1 in Long Blades
    14 | D        | Reached skill level 1 in Axes
    14 | D        | Reached skill level 1 in Maces & Flails
    14 | D        | Reached skill level 1 in Polearms
    14 | D        | Reached skill level 1 in Staves
    14 | D        | Reached skill level 1 in Slings
    14 | D        | Reached skill level 1 in Bows
    14 | D        | Reached skill level 1 in Crossbows
    14 | D        | Reached skill level 1 in Throwing
    14 | D        | Reached skill level 1 in Armour
    14 | D        | Reached skill level 1 in Dodging
    14 | D        | Reached skill level 1 in Shields
    14 | D        | Reached skill level 1 in Unarmed Combat
    14 | D        | Reached skill level 1 in Conjurations
    14 | D        | Reached skill level 1 in Hexes
    14 | D        | Reached skill level 1 in Charms
    14 | D        | Reached skill level 1 in Necromancy
    14 | D        | Reached skill level 1 in Transmutations
    14 | D        | Reached skill level 1 in Fire Magic
    14 | D        | Reached skill level 1 in Air Magic
    14 | D        | Reached skill level 1 in Earth Magic
    14 | D        | Reached skill level 1 in Poison Magic
    14 | D        | Reached skill level 1 in Invocations
    14 | D        | Reached XP level 2. HP: 20/21 MP: 6/10
    19 | D        | Reached XP level 3. HP: 7/27 MP: 6/11
    23 | D        | Reached XP level 4. HP: 7/34 MP: 6/13
   107 | D        | Learned a level 1 spell: Apportation
   201 | D        | Found Ceoxuto's Distillery.
   201 | D        | Found Qiug's Gadget Emporium.
   201 | D        | Found Seskuax's Gadget Shoppe.
   201 | D        | Found Qyakamn's Magic Scroll Shoppe.
   201 | D        | Found Paprac's Antique Weapon Emporium.
   202 | D        | Found Asuubu's Food Shoppe.
   202 | D        | Found Ybiann's Food Emporium.
   202 | D        | Found Ytzisanyl's Jewellery Shoppe.
   203 | D        | Found Osiuruv's Distillery.
   203 | D        | Found Doggoal's Antique Armour Shoppe.
   203 | D        | Found Mutwon's Antique Armour Shoppe.
   203 | D        | Noticed a soldier ant
   204 | D        | Found Isusolom's Antique Weapon Emporium.
   204 | D        | Noticed a soldier ant
   205 | D        | Found Eleipnuv's Antique Armour Shoppe.
   205 | D        | Found Hyseopu's Book Emporium.
   205 | D        | Noticed Menkaure
   205 | D        | Noticed a soldier ant
   205 | D        | Noticed an oklob plant
   206 | D        | Found Xodat's Jewellery Shoppe.
   206 | D        | Found Komn's Book Shoppe.
   208 | D        | Noticed a redback
   209 | D        | Noticed a redback
   211 | D        | Noticed a yak
   212 | D        | Bought an iridescent scimitar for 225 gold pieces
   212 | D        | Identified the cursed +2 scimitar "Ticem" {chaos, Int+2}
                  | (You bought it in a shop in the Dungeon)
   219 | D        | Mangled by Menkaure

Skill      XL: |  1  2  3  4 |
---------------+-------------+-----
Fighting       | 1 2 |  2.6
Short Blades   | 1 2 |  2.6
Long Blades    | 1 2 |  2.6
Axes           | 1 2 |  2.6
Maces & Flails | 1 2 |  2.6
Polearms       | 1 2 |  2.6
Staves         | 1 2 |  2.6
Slings         | 1 2 |  2.6
Bows           | 1 2 |  2.6
Crossbows      | 1 2 |  2.6
Throwing       | 1 2 |  2.6
Armour         | 1 2 |  2.6
Dodging        | 1 2 |  2.6
Shields        | 1 2 |  2.6
Unarmed Combat | 1 2 |  2.6
Conjurations   | 1 2 |  2.1
Hexes          | 1 2 |  2.1
Charms         | 1 2 |  2.1
Summonings     | 4 |  4.4
Necromancy     | 1 2 |  2.1
Translocations | 4 |  4.4
Transmutations | 1 2 |  2.1
Fire Magic     | 1 2 |  2.1
Ice Magic      | 2 3 |  3.1
Air Magic      | 1 2 |  2.1
Earth Magic    | 1 2 |  2.1
Poison Magic   | 1 2 |  2.1
Invocations    | 1 2 |  2.9
Evocations     | 3 |  3.7
Stealth        | 3 |  3.6
Spellcasting   | |  7.6

Action                   |  1- 3 |  4- 6 || total
-------------------------+-------+-------++-------
Melee: Dagger            |     9 |     4 ||    13
       Scimitar          |       |     2 ||     2
 Cast: Summon Small Mamm |     4 |     6 ||    10
  Use: Potion            |     2 |     1 ||     3
 Stab: Distracted        |       |     1 ||     1
Dodge: Dodged            |     4 |     3 ||     7
